 Dungeon Crawl Stone Soup version bcrawl-1.18.1 (webtiles) character file.

Game seed: 4746115435470784229

309 Metae the Poker (level 6, -1/47 HPs)
             Began as a Merfolk Skald on Nov 6, 2019.
             Shot with an arrow by a centaur (11 damage)
             ... on level 4 of the Dungeon.
             The game lasted 00:41:29 (4516 turns).

Metae the Poker (Merfolk Skald)                     Turns: 4516, Time: 00:41:30

Health: -1/47      AC:  3    Str: 13    XL:     6   Next: 41%
Magic:  8/10       EV: 13    Int: 12    God:
Gold:   306        SH:  0    Dex: 14    Spells: 5/11 levels left

rFire    . . .     SeeInvis .   d - +3 spear (vamp)
rCold    . . .     Gourm    .   (no shield)
rNeg     . . .     Faith    .   b - +0 leather armour
rPois    .         Spirit   .   (no helmet)
rElec    .         Reflect  .   (no cloak)
rCorr    .         Harm     .   (no gloves)
MR       +....                  (no boots)
Stlth    +.........             (no amulet)
HPRegen  0.15/turn              m - ring of protection from magic
MPRegen  0.12/turn              (no ring)

@: infused
A: change form in water, swift swim, stealthy swim
a: no special abilities


You were on level 4 of the Dungeon.
You were not hungry.

You visited 1 branch of the dungeon, and saw 4 of its levels.

You collected 306 gold pieces.

Inventory:

Hand Weapons
 a - a +0 spear
 c - a +0 short sword
 d - a +3 vampiric spear (weapon)
 s - a +0 giant spiked club
 w - a +2 short sword of speed
 C - a +2 dagger of speed
Missiles
 k - 951 stones (quivered)
Armour
 b - a +0 leather armour (worn)
 u - a +0 robe
Jewellery
 m - a ring of protection from magic (left hand)
 D - a cursed ring of teleportation
Wands
 p - a wand of iceblast (8)
 q - a wand of clouds (6)
 x - a wand of digging (8)
Scrolls
 e - a scroll of enchant weapon
 f - a scroll of immolation {unknown}
 g - 4 scrolls of fog {unknown}
 l - 2 scrolls of teleportation
 n - 3 scrolls of identify
 t - 2 scrolls of remove curse {unknown}
 v - a scroll of magic mapping {unknown}
 y - a scroll of amnesia {unknown}
Potions
 i - 2 potions of mutation
 j - a potion of degeneration {unknown}
 o - a potion of brilliance {unknown}
 z - a potion of heal wounds {unknown}
 A - a potion of agility {unknown}
 B - a potion of might {unknown}
Comestibles
 h - 2 rations {!d}
 r - 4 chunks of flesh


   Skills:
 + Level 3.6 Fighting
 + Level 5.0 Polearms
 + Level 1.9 Armour
 + Level 3.4 Dodging
 + Level 1.0 Stealth
 + Level 3.0 Spellcasting
 + Level 4.2 Charms


You had 5 spell levels left.
You knew the following spells:

 Your Spells              Type           Power        Failure   Level  Hunger
a - Infusion              Chrm           ##......     5%          1    #......
b - Song of Slaying       Chrm           ##......     9%          2    ###....
c - Ozocubu's Armour      Chrm/Ice       #.......     36%         3    ###....

Your spell library contained the following spells:

 Spells                   Type           Power        Failure   Level  Hunger
 Regeneration             Chrm/Necr      #.........   36%         3    ###....
 Spectral Weapon          Hex/Chrm       #.......     36%         3    ###....


Dungeon Overview and Level Annotations

Branches:
Dungeon (4/12)
 Temple: D:4-7

Altars:
Elyvilon
Zin


Message History

Aim: a centaur, wielding a -1 shortbow You reach to attack!
You puncture the centaur!
The centaur is heavily wounded.
The centaur shoots an arrow.
The arrow barely misses you.
Attack whom?
Press: ? - help, Dir - move target cursor, f/p - centaur
Aim: a centaur, wielding a -1 shortbow (heavily wounded)
You reach to attack!
You hit the centaur but do no damage.
The centaur is heavily wounded.
The centaur shoots an arrow.
The arrow hits you!
You are too injured to fight recklessly!
You are too injured to fight recklessly!
You are too injured to fight recklessly!
You are too injured to fight recklessly!
The centaur shoots an arrow.
The arrow hits you!
* * * LOW HITPOINT WARNING * * *
The centaur shoots an arrow.
The arrow hits you.
* * * LOW HITPOINT WARNING * * *
The centaur shoots an arrow.
The arrow hits you!
You die...

_... ##. ..$. #.. ...
.... .. ....####.#
.(...... ...........
#####...###..........
.##...#.#(<##..........
.........@.............
....#.c................
. #..................
........#..........^.
.......#.?##...<...#
......##........####
#..... ..........
...... .....#.....
#..##. ....#......


You could see a centaur.

Vanquished Creatures
  A black bear (D:3)
  An ogre (D:2)
  An orc wizard (D:3)
  3 adders
  An ooze (D:1)
  2 worms
  A dart slug (D:2)
  6 leopard geckos
  8 orcs
  3 giant cockroaches
  3 goblins (D:1)
  5 hobgoblins
  2 quokkas
  3 bats
  2 frilled lizards
  13 kobolds
  7 rats
62 creatures vanquished.

Notes
Turn   | Place    | Note
-------+----------+-------------------------------------------
     0 | D:1      | Metae the Merfolk Skald began the quest for the Orb.
     0 | D:1      | Reached XP level 1. HP: 16/16 MP: 3/3
    63 | D:1      | Reached XP level 2. HP: 18/22 MP: 1/5
  1253 | D:1      | Learned a level 2 spell: Song of Slaying
  1566 | D:1      | Reached XP level 3. HP: 21/28 MP: 1/6
  2192 | D:2      | Reached skill level 1 in Armour
  2360 | D:2      | Noticed an ogre
  2376 | D:2      | Killed an ogre
  2376 | D:2      | Reached skill level 4 in Polearms
  2376 | D:2      | Reached XP level 4. HP: 35/35 MP: 0/8
  2376 | D:2      | Reached XP level 5. HP: 41/41 MP: 0/9
  3606 | D:3      | Noticed a black bear
  3875 | D:4      | Noticed a phantom
  3932 | D:3      | Found a glowing silver altar of Zin.
  4034 | D:3      | Killed a black bear
  4034 | D:3      | Reached skill level 5 in Polearms
  4034 | D:3      | Reached skill level 1 in Stealth
  4034 | D:3      | Reached XP level 6. HP: 37/47 MP: 10/10
  4484 | D:3      | Learned a level 3 spell: Ozocubu's Armour
  4508 | D:4      | Found a white marble altar of Elyvilon.
  4516 | D:4      | Shot with an arrow by a centaur

Skill      XL: |  1  2  3  4  5 |
---------------+----------------+-----
Dodging        | 3 |  3.4
Armour         | 1 |  1.9
Fighting       | 3 |  3.6
Polearms       | 4 5 |  5.0
Stealth        | 1 |  1.0
Spellcasting   | 3 |  3.0
Charms         | 4 |  4.2

Action                   |  1- 3 |  4- 6 || total
-------------------------+-------+-------++-------
Melee: Spear             |    95 |    92 ||   187
 Cast: Infusion          |     9 |    10 ||    19
       Song of Slaying   |     1 |     3 ||     4
Evoke: Wand              |       |     1 ||     1
  Use: Scroll            |     3 |     2 ||     5
       Potion            |     1 |     1 ||     2
 Stab: Sleeping          |       |     2 ||     2
  Eat: Ration            |     2 |     1 ||     3
       Chunk             |     2 |     4 ||     6
Armor: Leather armour    |    19 |    17 ||    36
Dodge: Dodged            |    46 |    45 ||    91
